Map: Acid Plant LE

Players

BsK - Winner!

  • Race: Zerg Zerg
  • League: Grandmaster
  • Spawn Location: 11:00

SoulSpirit

  • Race: Zerg Zerg
  • League: Master
  • Spawn Location: 5:00

VOD

Have the link to the VOD?

Description

Time

  • Played on: Oct. 15, 2018, 11:10 a.m.
  • Length: 10:35
Show
View Real Time Build Order
Export as new Build Order

BsK Zerg - Winner!

Build Orders: Hatch First 

Get SALT Encoding   

  12  0:00  Drone  
  13  0:12  Overlord  
  13  0:16  Drone  
  14  0:30  Drone x2  
  14  0:34  Drone  
  17  0:50  Hatchery  
  17  0:54  Drone  
  17  0:56  Extractor  
  16  1:09  Spawning Pool  
  15  1:12  Drone  
  15  1:16  Drone  
  17  1:19  Drone  
  18  1:27  Drone  
  19  1:55  Queen  
  19  1:56  Metabolic Boost  
  19  1:57  Zergling x2  
  22  2:02  Queen  
  22  2:03  Zergling x4  
  22  2:05  Zergling x2  
  27  2:11  Zergling x2  
  27  2:15  Overlord  
  28  2:22  Baneling Nest  
  27  2:25  Zergling x2  
  28  2:33  Zergling x2  
  28  2:34  Zergling x2  
  28  2:36  Zergling x2  
  31  2:50  Overlord  
  31  2:52  Zergling x2  
  31  2:56  Drone x2  
  34  3:04  Drone x2  
  36  3:13  Baneling  
  36  3:14  Drone x3  
  36  3:15  Drone  
  40  3:21  Drone x2  
  40  3:24  Baneling x2  
  40  3:26  Baneling  
  41  3:27  Baneling  
  41  3:32  Drone x2  
  40  3:43  Overlord  
  40  3:46  Drone x2  
  40  3:47  Drone x2  
  43  3:55  Baneling x2  
  43  3:56  Spine Crawler  
  43  3:57  Drone  
  43  4:08  Drone x4  
  43  4:09  Drone  
  48  4:17  Evolution Chamber  
  48  4:19  Overlord  
  46  4:26  Lair  
  46  4:29  Extractor  
  45  4:36  Roach Warren, Hatchery  
  43  4:46  Zerg Missile Weapons Level 1  
  43  4:48  Drone x5  
  43  4:49  Extractor, Drone  
  47  4:53  Overlord  
  47  4:56  Drone  
  47  4:58  Drone x3  
  51  5:06  Drone  
  52  5:10  Extractor  
  52  5:11  Zergling x4  
  53  5:20  Drone  
  54  5:23  Roach x3  
  54  5:24  Glial Reconstitution  
  60  5:29  Roach x3  
  65  5:48  Drone  
  63  5:50  Burrow  
  63  5:52  Queen  
  67  5:57  Roach  
  67  5:59  Hatchery  
  67  6:01  Overlord  
  67  6:02  Overlord  
  67  6:04  Overlord  
  66  6:17  Overlord  
  66  6:23  Roach x7  
  66  6:24  Roach  
  82  6:36  Roach x2  
  82  6:37  Roach x2  
  82  6:39  Overlord  
  90  6:43  Tunneling Claws  
  90  6:49  Roach x2  
  90  6:53  Zerg Missile Weapons Level 2  
  94  7:01  Roach x5  
  102  7:06  Roach x2  
  108  7:17  Ravager  
  108  7:18  Ravager  
  108  7:19  Roach x2  
  114  7:24  Overlord x2  
  114  7:35  Roach x16  
  104  7:39  Roach x3  
  104  7:40  Roach x3  
  104  7:43  Roach x2  
  104  7:44  Roach x2  
  122  7:48  Drone  
  123  7:52  Drone x3  
  123  7:57  Roach x7  
  126  8:00  Roach x2  
  128  8:10  Roach  
  128  8:11  Roach x2  
  112  8:20  Roach x5  
  112  8:22  Roach x3  
  106  8:35  Roach x6  
  118  8:45  Roach x2  
  118  8:48  Drone  
  123  8:49  Drone x3  
  123  8:51  Roach  
  123  8:52  Roach x5  
  123  8:53  Roach  
  126  9:00  Overlord x2  
  126  9:04  Roach x2  
  110  9:18  Roach  
  110  9:19  Roach x6  
  110  9:22  Roach x6  
  118  9:26  Roach x4  
  116  9:32  Roach  
  116  9:35  Roach  
  116  9:36  Roach x5  
  118  9:43  Roach x3  
  124  9:49  Roach x3  
  130  9:53  Roach  
  130  9:54  Roach x3  
  130  9:55  Roach  
  130  9:58  Roach  
  130  9:59  Roach x4  
  136  10:05  Roach x4  
  130  10:07  Roach x4  
  130  10:08  Roach  
Show
View Real Time Build Order
Export as new Build Order

SoulSpirit Zerg 

Build Orders: Hatch First 

Get SALT Encoding   

  12  0:00  Drone  
  13  0:12  Overlord  
  13  0:17  Drone  
  14  0:31  Drone x2  
  16  0:49  Hatchery  
  15  0:52  Drone  
  15  0:55  Drone  
  17  0:59  Drone  
  18  1:09  Extractor  
  17  1:15  Spawning Pool  
  17  1:17  Drone  
  17  1:20  Drone  
  18  1:29  Drone  
  19  1:39  Drone  
  20  1:50  Overlord  
  20  2:01  Queen  
  20  2:02  Queen, Zergling x4  
  26  2:09  Metabolic Boost  
  26  2:11  Drone  
  26  2:13  Drone  
  28  2:21  Drone  
  29  2:23  Drone  
  30  2:36  Hatchery  
  29  2:39  Drone  
  29  2:41  Zergling x2  
  31  2:51  Baneling Nest  
  30  2:52  Zergling x4  
  30  2:55  Zergling x2  
  30  2:57  Zergling x2  
  34  3:05  Zergling x2  
  35  3:10  Zergling x2, Spine Crawler  
  35  3:11  Zergling x2  
  36  3:22  Overlord  
  36  3:34  Baneling x3  
  36  3:35  Baneling  
  35  3:42  Drone  
  35  3:43  Drone x3  
  35  3:46  Drone  
  40  3:49  Drone  
  41  3:56  Drone x2  
  41  4:00  Hatchery, Drone  
  43  4:03  Overlord  
  43  4:07  Baneling x2  
  42  4:10  Overlord  
  42  4:11  Overlord  
  42  4:22  Drone  
  43  4:25  Overlord  
  43  4:28  Overlord  
  43  4:29  Drone  
  43  4:30  Drone x3  
  48  4:31  Drone x2  
  48  4:35  Baneling  
  48  4:36  Overlord  
  49  4:41  Drone  
  49  4:42  Drone  
  49  4:45  Zergling x2  
  51  4:55  Drone x3  
  51  4:59  Drone x2  
  56  5:01  Extractor  
  56  5:02  Lair, Extractor  
  56  5:03  Evolution Chamber, Drone  
  54  5:08  Roach Warren, Drone  
  54  5:13  Drone  
  55  5:19  Drone  
  55  5:20  Queen  
  55  5:21  Drone  
  58  5:37  Drone x3  
  58  5:38  Drone x3  
  58  5:39  Overlord  
  58  5:40  Queen  
  59  5:47  Zerg Missile Weapons Level 1  
  59  5:48  Zergling x6  
  59  5:49  Zergling x4  
  65  5:58  Zergling x2  
  65  6:01  Glial Reconstitution  
  65  6:02  Drone x4  
  70  6:06  Queen  
  70  6:10  Drone x2  
  74  6:11  Spore Crawler  
  74  6:14  Spore Crawler  
  74  6:16  Roach  
  74  6:17  Roach  
  75  6:18  Roach  
  75  6:19  Roach x3  
  75  6:22  Roach x2  
  75  6:23  Roach  
  87  6:31  Overlord  
  87  6:32  Roach x2  
  92  6:37  Queen  
  94  6:42  Roach x2  
  96  6:47  Roach  
  96  6:50  Overlord  
  98  6:55  Roach x4  
  104  7:02  Roach  
  104  7:07  Overlord x2  
  104  7:11  Overlord  
  103  7:15  Overlord  
  103  7:19  Overlord x2  
  103  7:20  Extractor, Roach x3  
  103  7:21  Roach x2, Extractor  
  111  7:27  Drone x2  
  111  7:31  Roach  
  105  7:38  Roach x2  
  105  7:43  Roach  
  105  7:49  Drone  
  105  7:50  Roach x7  
  120  7:53  Zergling x6  
  123  8:02  Roach x3  
  123  8:05  Overseer  
  124  8:11  Roach  
  112  8:14  Roach x2  
  112  8:19  Roach x4  
  116  8:20  Roach  
  116  8:27  Roach x4  
  121  8:33  Overseer  
  123  8:35  Zergling x4  
  124  8:42  Roach  
  124  8:44  Roach  
  124  8:45  Roach  
  124  8:47  Extractor, Drone  
  124  8:48  Drone x3  
  133  8:49  Spore Crawler  
  133  8:52  Hatchery  
  133  8:53  Overseer  
  131  8:56  Roach  
  131  8:57  Roach  
  131  8:59  Roach  
  137  9:04  Roach x3  
  142  9:11  Roach x2  
  131  9:17  Roach x2  
  131  9:18  Roach x3  
  131  9:21  Overseer  
  132  9:24  Roach x2  
  132  9:25  Roach  
  132  9:27  Roach x2  
  129  9:32  Roach x2  
  129  9:33  Zergling x4  
  133  9:43  Roach x3  
  137  9:50  Roach x3  
  136  9:55  Roach  
  136  9:56  Roach  
  129  10:03  Roach x3  
  129  10:06  Roach  
  122  10:10  Roach  
Tags
 
Add a new tag
Caveats
  • Supply blocks, unpowered buildings, or Contaminate may cause inaccurate times.
  • Supply counts are checked every 10 seconds.